AoeStats
← Privilege

African Clearing

506865573Analyzed
4v4 RM · 16d ago on Sep 15, 2026· 40m 7s· 8 players
Game mode
Random Map
Map size
Large (8 player)
Population
200
Speed
Normal
Resources
Standard
Victory
Conquest
Starting age
Dark Age
Ending age
Imperial Age
RankedLock teamsTeams togetherTeam positionsShared explorationLock speedFull tech treeHidden civsTurbo modeCheats
Victory
Defeat
🇨🇴 Vietnamese · Colombia
1600
+11
🇸🇪 Inca · Sweden
1550
+13
🇨🇳 Dravidians · China
1515
+14
🇨🇳 Portuguese · China
1471
+16
🇨🇳 Saracens · China
1596
-18
🇨🇳 Italians · China
1510
-15
🇨🇳 Byzantines · China
1462
-13
🇮🇳 Vikings · India
1336
-8
Snitzelyd
7:27 Loom
13:11 Feudal Age
20:07 Double-Bit Axe
31:30 Castle Age
30:00 Horse Collar
32:27 Bow Saw
33:21 Wheelbarrow
32:44 Pikeman
36:20 Scale Mail Armor
投掷哥布林
4:08 Loom
15:18 Feudal Age
20:29 Castle Age
18:39 Double-Bit Axe
19:38 Town Watch
23:26 Bow Saw
24:47 Fishing Lines
26:18 Wheelbarrow
25:59 Horse Collar
29:36 Fletching
29:52 Gillnets
32:43 Ballistics
32:24 Gold Mining
35:54 Imperial Age
34:01 Bodkin Arrow
34:07 Padded Archer Armor
36:40 Bracer
37:45 Chemistry
36:18 Elite Elephant Archer
38:03 Pikeman
39:29 Scale Mail Armor
38:53 Halberdier
SunnY
5:08 Loom
13:20 Feudal Age
14:09 Double-Bit Axe
15:55 Fletching
16:59 Padded Archer Armor
22:08 Castle Age
21:32 Padded Archer Armor
21:43 Horse Collar
22:17 Crossbowman
23:12 Bodkin Arrow
25:49 Town Watch
29:48 Leather Archer Armor
30:17 Circumnavigation
33:51 Bow Saw
35:27 Wheelbarrow
[MLTS] RKotzen
9:28 Loom
12:02 Feudal Age
12:15 Man-at-Arms
18:40 Forging
20:39 Arson
23:18 Fletching
28:31 Castle Age
26:57 Double-Bit Axe
28:11 Gold Mining
28:12 Stone Mining
28:03 Horse Collar
29:38 Bodkin Arrow
30:39 Bow Saw
31:23 Ballistics
SaKuRuaba Ema
8:37 Loom
30:59 Feudal Age
31:34 Fishing Lines
31:40 Double-Bit Axe
32:46 Town Watch
37:59 Castle Age
38:06 Gold Mining
38:12 Stone Mining
38:35 Gillnets
38:56 Bow Saw
40:43 Wheelbarrow
40:52 Stone Shaft Mining
Privilege
10:27 Loom
12:39 Feudal Age
16:32 Castle Age
22:05 Fletching
22:51 Bodkin Arrow
24:38 Elite Skirmisher
26:01 Padded Archer Armor
30:25 Wheelbarrow
33:43 Horse Collar
37:41 Imperial Age
34:55 Crossbowman
36:03 Town Watch
37:01 Leather Archer Armor
36:58 Double-Bit Axe
37:53 Thumb Ring
39:05 Hand Cart
39:35 Scale Barding Armor
40:09 Bloodlines
39:59 Husbandry
39:53 Onager
青子
10:29 Loom
13:19 Feudal Age
14:33 Double-Bit Axe
17:35 Castle Age
17:17 Horse Collar
18:59 Wheelbarrow
18:41 Bow Saw
21:53 Wheelbarrow
26:17 Gold Mining
26:51 Heavy Plow
27:21 Pikeman
28:40 Hand Cart
31:20 Imperial Age
29:50 Scale Barding Armor
29:56 Forging
30:45 Husbandry
31:06 Chain Barding Armor
30:58 Forging
31:22 Heavy Camel Rider
32:38 Plate Barding Armor
33:33 Chemistry
34:09 Iron Casting
33:04 Capped Ram
34:51 Siege Ram
37:31 Gold Shaft Mining
37:45 Cavalier
39:17 Paladin
Lyrachord
13:40 Feudal Age
12:00 Loom
13:54 Feudal Age
15:06 Town Watch
18:00 Castle Age
15:54 Double-Bit Axe
17:32 Scale Barding Armor
19:06 Bow Saw
24:44 Horse Collar
26:34 Heavy Plow
29:40 Town Patrol
30:20 Gold Mining
34:06 Imperial Age
32:23 Gold Shaft Mining
31:51 Scale Mail Armor
32:01 Forging
32:01 Pikeman
32:34 Man-at-Arms
32:59 Gambesons
33:15 Squires
33:01 Arson
33:48 Long Swordsman
34:14 Capped Ram
35:06 Two-Handed Swordsman
36:27 Crop Rotation
37:09 Two-Man Saw
36:01 Champion
36:58 Chain Mail Armor
36:18 Siege Ram
37:16 Champion
38:31 Plate Mail Armor
38:31 Conscription
39:22 Chemistry
39:45 Iron Casting
40:32 Coinage
40:33 Chain Barding Armor
39:34 Light Cavalry
40:33 Siege Engineers
40:49 Ballistics
41:30 Blast Furnace
Connection lost

Rejoining the realm…

Still unreachable

The connection could not be restored.

Session expired

The server has moved on; the page needs a fresh start.